 Dungeon Crawl Stone Soup version 0.16.1-4-g8e1b745 (webtiles) character file.

248 achirane the Skirmisher (level 5, -1/35 HPs)
             Began as a Deep Elf Fighter on Mar 26, 2015.
             Slain by a gnoll
             ... wielding a +0 flail
              (8 damage)
             ... on level 3 of the Dungeon.
             The game lasted 00:25:41 (3616 turns).

achirane the Skirmisher (Deep Elf Fighter)          Turns: 3616, Time: 00:25:41

Health: -1/35      AC:  6    Str: 13    XL:     5   Next: 86%
Magic:  10/10      EV:  6    Int: 14    God:
Gold:   209        SH:  8    Dex: 14    Spells: 0 memorised, 4 levels left

rFire  . . .     SeeInvis .     e - +6 club
rCold  . . .     Clarity  .     b - +0 scale mail
rNeg   + . .     SustAb   .     c - +0 shield
rPois  +         Gourm    .     (no helmet)
rElec  .         Spirit   .     (no cloak)
rCorr  .         Warding  .     (no gloves)
rMut   .         Stasis   .     (no boots)
MR     .....                    (no amulet)
Stlth  ..........               f - ring of positive energy
                                u - ring of poison resistance

@: not resistant to hostile enchantments, extremely unstealthy
A: no striking features
a: no special abilities


You were on level 3 of the Dungeon.
You were not hungry.

You visited 1 branch of the dungeon, and saw 4 of its levels.

You collected 209 gold pieces.

Inventory:

Hand weapons
 a - a +0 trident
 e - a +6 club (weapon)
 g - a +0 hunting sling
Missiles
 h - 37 sling bullets
 j - 26 stones (quivered)
Armour
 b - a +0 scale mail (worn)
 c - a +0 shield (worn)
 v - a +2 robe of cold resistance
Jewellery
 f - a ring of positive energy (right hand)
 u - a ring of poison resistance (left hand)
Scrolls
 k - 2 scrolls of amnesia
 n - 2 scrolls of noise {unknown}
 o - a scroll of magic mapping {unknown}
 p - a scroll of fog {unknown}
 q - a scroll of identify
 s - a scroll of enchant armour {unknown}
 E - a scroll of blinking {unknown}
Potions
 m - a potion of restore abilities
 w - a potion of ambrosia
 z - a potion of lignification
 D - a potion of curing
Comestibles
 d - 3 bread rations
 i - a royal jelly
 l - 2 chunks of flesh
 x - 2 slices of pizza
 A - 3 fruits
 B - a meat ration


   Skills:
 + Level 5.5 Fighting
 - Level 1.3 Polearms
 - Level 0.1 Slings
 - Level 2.4 Armour
 - Level 2.4 Shields


You had 4 spell levels left.
You didn't know any spells.

Dungeon Overview and Level Annotations

Branches:
Dungeon (4/15)
 Temple: D:4-7

Altars:
Elyvilon
Okawaru


Message History

You block the giant gecko's attack.
You climb upwards.
There is a stone staircase leading down here.
You hit the gnoll.
The gnoll is lightly wounded.
The giant gecko barely misses you. The gnoll completely misses you.
You closely miss the gnoll.
The gnoll is lightly wounded.
The giant gecko bites you. The gnoll hits you but does no damage.
The giant gecko barely misses you.
You hit the gnoll.
The gnoll is moderately wounded.
You block the giant gecko's attack. The gnoll hits you with a flail.
* * * LOW HITPOINT WARNING * * *
The giant gecko bites you but does no damage.
You hit the gnoll.
The gnoll is severely wounded.
You block the gnoll's attack. The giant gecko barely misses you.
The gnoll hits you with a flail!
You die...

.#.)...#)..# #..#...#≈≈#...#.#
.#.....#...# #..#.⌠.#≈≈#.⌠.#.#
.#.....#..## #..#...#≈≈#...#.#
.##...##..# #...###≈≈≈≈###..#
..#####..## #.....≈≈≈≈≈≈....##
#........# ###.....≈≈≈≈≈≈.....#
#........# #.....###≈≈≈≈###...#
..###....#####....#...#≈≈#...#..#
.## #...........@l#.⌠.#≈≈#.⌠.#..#
.# ##..........##g#...#≈≈#...#..#
.###.....#####.#...###≈..≈###...#
.........### #.#................#
..#........###.....#......####..#
......<.....######.#...........##
...........## #..........####
#..####.##.# #..........#
##.........# #..........#


You could see a gnoll and a giant gecko.

Vanquished Creatures
  An orc priest (D:3)
  An orc wizard (D:2)
  Ijyb (D:2)
  Jessica (D:3)
  4 adders
  2 gnolls
  A worm (D:3)
  6 giant geckos
  An ooze (D:3)
  7 orcs
  3 ball pythons
  9 bats
  3 giant cockroaches
  4 hobgoblins
  3 jackals (D:3)
  3 giant newts
  10 goblins
  9 kobolds
  4 quokkas
  12 rats
85 creatures vanquished.

Notes
Turn   | Place    | Note
--------------------------------------------------------------
     0 | D:1      | achirane, the Deep Elf Fighter, began the quest for the Orb.
     0 | D:1      | Reached XP level 1. HP: 13/13 MP: 2/2
   169 | D:1      | Reached XP level 2. HP: 12/18 MP: 4/4
   199 | D:1      | Reached skill level 3 in Fighting
   851 | D:1      | Reached XP level 3. HP: 19/23 MP: 6/6
  1257 | D:2      | Noticed Ijyb
  1276 | D:2      | HP: 1/24 [Ijyb/enchanted club (4)]
  1277 | D:2      | Killed Ijyb
  1277 | D:2      | Reached skill level 4 in Fighting
  1586 | D:2      | Found a white marble altar of Elyvilon.
  1635 | D:2      | Reached XP level 4. HP: 29/29 MP: 8/8
  1684 | D:2      | Found an iron altar of Okawaru.
  2284 | D:3      | Noticed an orc warrior
  2400 | D:3      | Reached XP level 5. HP: 22/34 MP: 10/10
  2458 | D:3      | Noticed Jessica
  2500 | D:3      | Killed Jessica
  2584 | D:3      | Reached skill level 5 in Fighting
  3494 | D:4      | Noticed an ogre
  3616 | D:3      | Slain by a gnoll

Action                   |  1- 3 |  4- 6 || total
-------------------------+-------+-------++-------
Melee: Trident           |   102 |       ||   102
       Club              |     7 |   146 ||   153
 Fire: Hunting sling     |    54 |    28 ||    82
Throw: Stone             |     1 |     3 ||     4
  Use: Potion            |     1 |       ||     1
       Scroll            |       |     9 ||     9
  Eat: Chunk             |     2 |     7 ||     9
